 Dungeon Crawl Stone Soup version 0.24-a0-581-gc0fa6600bf (webtiles) character file.

Game seed: 4274490027787807713

106 Argons the Sneak (level 4, 19/19 HPs)
             Began as a Felid Warper on Aug 25, 2019.
             Was an Initiate of Dithmenos.
             Quit the game on level 4 of the Dungeon.
             The game lasted 00:27:13 (5755 turns).

Argons the Sneak (Felid Warper)                     Turns: 5755, Time: 00:27:14

Health: 19/19      AC:  1    Str:  7    XL:     4   Next: 55%
Magic:  8/8        EV: 18    Int: 14    God:    Dithmenos [......]
Gold:   180        SH:  0    Dex: 17    Spells: 3/7 levels left
                                        Lives:  0   Deaths: 1

rFire    . . .     SeeInvis +     - Unarmed
rCold    . . .     Gourm    .   (shield unavailable)
rNeg     . . .     Faith    .   (armour unavailable)
rPois    .         Spirit   .   (helmet unavailable)
rElec    .         Reflect  .   (cloak unavailable)
rCorr    .         Harm     .   (gloves unavailable)
MR       .....                  (boots unavailable)
Stlth    ++++......             (no amulet)
HPRegen  0.06/turn              (no ring)
MPRegen  0.11/turn              (no ring)

@: quick
A: very small, no armour, no weapons or thrown items, stealth, claws 1, fangs 3,
see invisible, carnivore, speed 1, shaggy fur 1, slow metabolism 1, sharp paws
a: Renounce Religion


You were on level 4 of the Dungeon.
You worshipped Dithmenos.
Dithmenos was noncommittal.
You were not hungry.

You visited 1 branch of the dungeon, and saw 4 of its levels.

You collected 180 gold pieces.

Inventory:

Jewellery
 f - an uncursed ring of protection from fire {unknown}
 t - an uncursed ring of protection from cold {unknown}
Wands
 h - a wand of iceblast (9)
Scrolls
 b - 3 scrolls of blinking
 j - 2 scrolls of teleportation
 k - 4 scrolls of fog
 o - a scroll of enchant armour {unknown}
 p - 2 scrolls of magic mapping
 r - a scroll of amnesia
Potions
 a - 2 potions of agility
 d - 2 potions of flight
 e - a potion of heal wounds
 g - a potion of brilliance
 i - a potion of cancellation {unknown}
 m - a potion of curing {unknown}
 n - a potion of mutation {unknown}
 q - a potion of haste {unknown}
 s - a potion of lignification {unknown}
Comestibles
 c - 11 rations


   Skills:
 - Level 2.0 Fighting
 - Level 3.2 Dodging
 + Level 5.4 Stealth
 + Level 4.3 Unarmed Combat
 - Level 2.0 Spellcasting
 - Level 4.4 Translocations


You had 3 spell levels left.
You knew the following spells:

 Your Spells              Type           Power        Failure   Level  Hunger
a - Shroud of Golubria    Chrm/Tloc      #.....       14%         2    ###....
b - Blink                 Tloc           N/A          6%          2    ###....

Your spell library contained the following spells:

 Spells                   Type           Power        Failure   Level  Hunger
 Gell's Gravitas          Tloc           ##........   12%         3    ####...
 Lesser Beckoning         Tloc           ##........   12%         3    ####...
 Teleport Other           Tloc           ##......     12%         3    ####...
 Passage of Golubria      Tloc           N/A          36%         4    #####..


Dungeon Overview and Level Annotations

Branches:
Dungeon (4/15)
 Temple: D:4-7

Altars:
Cheibriados
Dithmenos
Gozag
Hepliaklqana
Qazlal
Ru
Vehumet
Wu Jian


Innate Abilities, Weirdness & Mutations

You cannot wear armour.
You are incapable of wielding weapons or throwing items.
Your paws allow you to move quietly. (Stealth)
You have sharp claws.
You have razor-sharp teeth.
You have supernaturally acute eyesight. (SInv)
You are carnivorous and can eat meat at any time.
You cover ground quickly.
You are covered in fur. (AC +1)
You have a slow metabolism.
Your sharp claws are effective at attacking unaware monsters.


Message History

You scratch the worker ant.
The worker ant is heavily wounded.
You feel sick. The worker ant closely misses you.
You barely miss the worker ant.
The worker ant is heavily wounded.
You feel sick. The worker ant bites you.
You are lethally poisoned!
The worker ant poisons you!
You barely miss the worker ant.
The worker ant is heavily wounded.
You feel sick. The worker ant bites you.
You scratch the worker ant. Your bite misses the worker ant.
The worker ant is severely wounded.
You feel sick. The worker ant completely misses you.
It was a potion of magic.
Magic courses through your body.
You feel sick. The worker ant bites you!
You die...
You are now level 4!
You rejoin the land of the living...
Are you sure you want to abandon this character and quit the game? (Confirm with "yes".)

#.##§§§## ##.###§##
##########..###.#
#####...##..........#
#........[.........#####
#.####.###.........###..
#.##.....##...).........
#.#.8...8.#........###..
#.#....@..#a<..##### #..
#....._........# #..
###.......#....# ###
#.8...8.#....#
##.....##....#
###.###.....#
#.....##### #######


There were no monsters in sight!

Vanquished Creatures
  A slave (D:3)
  2 worker ants (D:4)
  A hound skeleton (D:4)
  2 gnolls (D:4)
  2 adders
  2 oozes
  3 worms
  6 dart slugs
  A leopard gecko (D:2)
  9 giant cockroaches
  7 hobgoblins
  2 jackals (D:4)
  2 quokkas (D:2)
  8 bats
  2 frilled lizards (D:1)
  8 goblins
  A jackal skeleton (D:4)
  13 kobolds
  11 rats
83 creatures vanquished.

Notes
Turn   | Place    | Note
-------+----------+-------------------------------------------
     0 | D:1      | Argons the Felid Warper began the quest for the Orb.
     0 | D:1      | Reached XP level 1. HP: 9/9 MP: 4/4
    70 | D:1      | Reached skill level 1 in Stealth
   362 | D:1      | Reached XP level 2. HP: 13/13 MP: 6/6
   366 | D:1      | Learned a level 2 spell: Shroud of Golubria
   390 | D:1      | Learned a level 2 spell: Blink
   473 | D:1      | Reached skill level 2 in Stealth
  1038 | D:1      | Found a snail-covered altar of Cheibriados.
  1046 | D:1      | Reached XP level 3. HP: 16/16 MP: 7/7
  1262 | D:1      | Reached skill level 3 in Stealth
  1486 | D:2      | Found a radiant altar of Vehumet.
  2454 | D:3      | Found an ornate altar of the Wu Jian Council.
  2489 | D:3      | Reached XP level 4. HP: 19/19 MP: 5/8
  3016 | D:3      | Found a sacrificial altar of Ru.
  3017 | D:3      | Found a hazy altar of Hepliaklqana.
  3017 | D:3      | Found a shadowy altar of Dithmenos.
  3017 | D:3      | Found a stormy altar of Qazlal.
  3028 | D:3      | Became a worshipper of Dithmenos the Shadowed
  3268 | D:2      | Reached skill level 4 in Stealth
  3439 | D:4      | Found a shadowy altar of Dithmenos.
  3446 | D:4      | Noticed a slave
  3511 | D:4      | Found an opulent altar of Gozag.
  4137 | D:4      | Found a glowing drain.
  4264 | D:4      | Reached XP level 5. HP: 11/22 MP: 9/9
  4537 | D:4      | Noticed a slave
  4537 | D:4      | Noticed a slave
  4537 | D:4      | Noticed a slave
  5279 | D:3      | Killed a slave
  5390 | D:4      | Reached skill level 5 in Stealth
  5754 | D:4      | Slain by a worker ant
  5755 | D:4      | Reached XP level 4. HP: 0/19 MP: 8/8
  5755 | D:4      | Quit the game

Levels and vault maps discovered:
D:1:      dpeg_arrival_court, layout_basic, st_stairs_6, minmay_misc_feat_chi,
          cheibriados_altar_1
D:2:      layout_basic, vehumet_crystals, st_stairs_2
D:3:      layout_loops_cross, lemuel_crystal_altar, grunt_temple_overflow_open
D:4:      layout_basic, grunt_gozag_statues, cheibrodos_sewer_entry_drain,
          serial_curves, eino_curves_04, eino_curves_02, first_ration,
          grunt_dithmenos_smoke_and_mirrors, uniq_pikel

Skill      XL: |  1  2  3  4  5 |
---------------+----------------+-----
Stealth        | 1 2 3 4 5 |  5.4
Unarmed Combat | 3 4 |  4.3
Fighting       | |  2.0
Dodging        | |  3.2
Spellcasting   | |  2.0
Translocations | |  4.4

Action                   |  1- 3 |  4- 6 || total
-------------------------+-------+-------++-------
Melee: Unarmed           |   133 |   173 ||   306
       Bite              |    13 |    15 ||    28
       Punch             |     2 |     6 ||     8
 Cast: Shroud of Golubri |     1 |    17 ||    18
  Use: Scroll            |     8 |     3 ||    11
       Potion            |       |     2 ||     2
 Stab: Sleeping          |    14 |    10 ||    24
       Distracted        |     1 |     1 ||     2
  Eat: Chunk             |    10 |     8 ||    18
Armor: Skin              |     6 |     2 ||     8
Dodge: Dodged            |    79 |    91 ||   170

Table legend:
 A = Non-vault XP
 B = Vault XP
 C = Vault XP percentage of total XP
 D = Non-vault monster count
 E = Vault monster count
 F = Vault count percentage of total count
                 A         B        C        D         E       F
            +---------+---------+-------+---------+---------+-------
      Total |     290 |       9 |   3.0 |      77 |       5 |   6.1
            +---------+---------+-------+---------+---------+-------
        D:1 |      53 |       2 |   3.6 |      28 |       1 |   3.4
        D:2 |      59 |       4 |   6.3 |      23 |       2 |   8.0
        D:3 |      29 |       0 |   0.0 |      14 |       0 |   0.0
        D:4 |     149 |       3 |   2.0 |      12 |       2 |  14.3
            +---------+---------+-------+---------+---------+-------
